 Dungeon Crawl Stone Soup version 0.18.1-48-g4cf74bf (webtiles) character file.

151 Freud88 the Slinger (level 5, -8/35 HPs)
             Began as a Halfling Hunter on Aug 26, 2016.
             Mangled by drd's ghost (13 damage)
             ... on level 3 of the Dungeon.
             The game lasted 00:07:03 (1956 turns).

Freud88 the Slinger (Halfling Hunter)               Turns: 1956, Time: 00:07:03

Health: -8/35      AC:  3    Str: 12    XL:     5   Next: 60%
Magic:  5/5        EV: 15    Int: 10    God:
Gold:   210        SH:  0    Dex: 16    Spells: 0 memorised, 4 levels left

rFire  . . .     SeeInvis .     a - +1 hunting sling
rCold  . . .     Gourm    .     c - +0 leather armour
rNeg   . . .     Faith    .     (shield restricted)
rPois  .         Spirit   .     (no helmet)
rElec  .         Dismiss  .     (no cloak)
rCorr  .         Reflect  .     (no gloves)
SustAt .         Harm     .     (no boots)
MR     .....                    (no amulet)
Stlth  ++........               (no ring)
                                (no ring)

@: not resistant to hostile enchantments, unstealthy
A: mutation resistance 1
a: no special abilities


You were on level 3 of the Dungeon.
You were not hungry.

You visited 1 branch of the dungeon, and saw 3 of its levels.

You collected 210 gold pieces.

Inventory:

Hand Weapons
 a - a +1 hunting sling (weapon)
 b - a +0 short sword
Missiles
 l - 32 stones (quivered)
Armour
 c - a +0 leather armour (worn)
Jewellery
 i - an uncursed ring of protection from cold {unknown}
 k - a +2 ring of protection {unknown}
 s - an uncursed ring of poison resistance {unknown}
Scrolls
 e - a scroll of recharging {unknown}
 h - a scroll of enchant weapon {unknown}
 j - a scroll of magic mapping {unknown}
 m - a scroll of immolation {unknown}
 n - a scroll of random uselessness {unknown}
 q - a scroll of identify {unknown}
 t - a scroll of noise {unknown}
 u - a scroll of fear {unknown}
Potions
 o - a potion of heal wounds {unknown}
 r - 2 potions of resistance {unknown}
 v - a potion of mutation {unknown}
 w - a potion of agility {unknown}
 x - a potion of lignification {unknown}
Comestibles
 f - a bread ration
 g - 5 meat rations
 p - 10 fruits
 z - a royal jelly


   Skills:
 * Level 2.6 Fighting
 + Level 8.3 Slings
 - Level 1.2 Armour
 + Level 2.4 Dodging
 - Level 1.1 Stealth


You had 4 spell levels left.
You didn't know any spells.

Dungeon Overview and Level Annotations

Branches:
Dungeon (3/15)

Altars:
Elyvilon
Gozag
Makhleb
Zin

Annotations:
D:3 drd's ghost, amateur HOFi


Innate Abilities, Weirdness & Mutations

You are small and have problems with some larger weapons.
You are somewhat resistant to further mutation.


Message History

Unknown command.
You are too injured to fight recklessly!
Unknown command.
You are too injured to fight recklessly!
Firing (i - inventory. (,) - cycle):
d - a sling bullet (quivered)
Press: ? - help, Shift-Dir - straight line, f/p - drd's ghost
Aim: drd's ghost (moderately damaged)
You shoot a sling bullet.
The sling bullet barely misses drd's ghost.
Drd's ghost misses you.
The orc hits you from afar with a trident.
* * * LOW HITPOINT WARNING * * *
Firing (i - inventory):
l - 33 stones (quivered)
Press: ? - help, Shift-Dir - straight line, f/p - drd's ghost
Aim: drd's ghost (moderately damaged)
You shoot a stone.
The stone hits drd's ghost but does no damage.
Drd's ghost is moderately damaged.
Drd's ghost hits you!
You die...

#.......#.###........
#...(...#.#.....####.
##.....##.)..........
##................>.
#.(#.(.....##......
#(#(#.........#...
#.(...#..####.##..
#####W....##......###.
##....@.#....#.........
##..PP...####...........
###...P♣.Po.# ##.........#
###......♣..P..# ##....)...#
###........♣♣P................
###.......♣P.♣
P♣.(..#####...†..
#♣.♣.♣#♣.P.♣♣♣♣
♣♣.......#♣.♣.♣.♣
..)........P♣ ...###.........
.♣#♣.♣#♣##...P ##♣.♣.♣†♣


You could see drd's ghost and an orc.

Vanquished Creatures
  A hound (D:3)
  6 adders
  3 worms (D:2)
  A dart slug (D:1)
  2 giant geckos (D:1)
  2 ball pythons
  A giant cockroach (D:1)
  5 goblins
  6 hobgoblins
  6 jackals (D:2)
  A quokka (D:3)
  6 bats
  5 giant newts
  9 kobolds
  A rat (D:1)
55 creatures vanquished.

Vanquished Creatures (others)
  A kobold (D:2)
1 creature vanquished.

Grand Total: 56 creatures vanquished

Notes
Turn   | Place    | Note
--------------------------------------------------------------
     0 | D:1      | Freud88 the Halfling Hunter began the quest for the Orb.
     0 | D:1      | Reached XP level 1. HP: 14/14 MP: 1/1
    42 | D:1      | Reached skill level 6 in Slings
   112 | D:1      | Reached XP level 2. HP: 19/19 MP: 2/2
   467 | D:1      | Reached XP level 3. HP: 19/24 MP: 3/3
   792 | D:2      | Reached skill level 7 in Slings
   951 | D:2      | Reached XP level 4. HP: 29/29 MP: 4/4
  1004 | D:2      | Found a white marble altar of Elyvilon.
  1145 | D:2      | Found a glowing silver altar of Zin.
  1145 | D:2      | Noticed an angel
  1179 | D:2      | Reached skill level 1 in Armour
  1579 | D:2      | Reached XP level 5. HP: 35/35 MP: 5/5
  1777 | D:3      | Found an opulent altar of Gozag.
  1864 | D:3      | Found a burning altar of Makhleb.
  1873 | D:3      | Reached skill level 8 in Slings
  1938 | D:3      | Noticed drd's ghost (amateur HOFi)
  1956 | D:3      | Mangled by drd's ghost

Skill      XL: |  1  2  3  4  5 |
---------------+----------------+-----
Slings         | 6 7 8 |  8.3
Fighting       | 2 |  2.6
Armour         | 1 |  1.2
Dodging        | |  2.4
Stealth        | |  1.1

Action                   |  1- 3 |  4- 6 || total
-------------------------+-------+-------++-------
 Fire: Hunting sling     |    62 |   113 ||   175
  Eat: Chunk             |       |     3 ||     3
Armor: Leather armour    |     3 |     5 ||     8
Dodge: Dodged            |    13 |    24 ||    37
